 Dungeon Crawl Stone Soup version 0.32-a0-975-g85d4e5bfdb (webtiles) character file.

Game seed: 15210270512678244903

91 Esekla the Trooper (level 4, -2/35 HPs)
             Began as a Demonspawn Wanderer on Apr 20, 2024.
             Slain by a hobgoblin (4 damage)
             ... on level 3 of the Dungeon.
             The game lasted 00:09:44 (1881 turns).

Esekla the Trooper (Demonspawn Wanderer)            Turns: 1881, Time: 00:09:45

Health: -2/35      AC:  4    Str: 13    XL:     4   Next: 33%
Magic:  6/6        EV: 10    Int: 15    God:
Gold:   83         SH:  0    Dex: 13    Spells: 6/6 levels left

rFire   + . .        a - +3 dagger
rCold   . . .        (no shield)
rNeg    . . .        e - +0 leather armour
rPois   .            (no helmet)
rElec   .            g - +0 cloak
rCorr   .            (no gloves)
SInv    .            (no boots)
Will    .....        (no amulet)
Stlth   +            h - ring of protection from fire
HPRegen 0.25/turn    (no ring)
MPRegen 0.10/turn

%: no passive effects
@: no status effects
A: big brain 1, demonic magic 1
a: no special abilities


You were on level 3 of the Dungeon.
You visited 1 branch of the dungeon, and saw 3 of its levels.

You collected 83 gold pieces.

Inventory:

Hand Weapons
 a - a +3 dagger (weapon)
 c - a +0 falchion
Missiles
 b - a curare-tipped dart (quivered)
Armour
 e - a +0 leather armour (worn)
 g - a +0 cloak (worn)
Jewellery
 h - a ring of protection from fire (left hand)
 l - a ring of resist corrosion
Scrolls
 f - a scroll of enchant armour {unknown}
 i - 3 scrolls of identify {unknown}
 k - 2 scrolls of teleportation {unknown}
 o - a scroll of immolation {unknown}
 q - 2 scrolls of enchant weapon {unknown}
Potions
 d - a potion of curing
 j - 3 potions of invisibility
 m - 2 potions of degeneration {unknown}
 n - a potion of brilliance {unknown}
 p - a potion of might {unknown}
 r - 2 potions of attraction {unknown}


   Skills:
 * Level 3.0 Fighting
 + Level 1.1(1.7) Short Blades
 + Level 1.9(2.1) Long Blades
 + Level 2.1 Throwing
 + Level 2.2 Armour
 + Level 0.4 Dodging
 + Level 0.4 Stealth
 * Level 1.8 Spellcasting
 + Level 1.0 Evocations


You had 6 spell levels left.
You didn't know any spells.
Your spell library was empty.

Dungeon Overview and Level Annotations

Branches:
Dungeon (3/15)

Altars:


Innate Abilities, Weirdness & Mutations

You have an unusually large brain. (Int +2)
Spells you cast may paralyse adjacent enemies.


Message History

You hit the ribbon worm.
The ribbon worm is severely wounded.
The ribbon worm barely misses you. The hobgoblin hits you.
You hit the ribbon worm.
The ribbon worm is almost dead.
The ribbon worm expels a string of sticky webbing.
The stream of webbing hits you but does no damage.
You are caught in a web!
The hobgoblin hits you but does no damage.
You struggle to detach yourself from the web.
The ribbon worm bites you. The hobgoblin hits you.
The web tears apart.
The hobgoblin hits you. The ribbon worm bites you.
You hit the ribbon worm but do no damage.
The ribbon worm is severely wounded.
The hobgoblin hits you but does no damage.
You hit the ribbon worm.
You kill the ribbon worm!
The orc barely misses you.
You closely miss the hobgoblin.
The hobgoblin is lightly wounded.
The orc hits you with a +0 flail. The hobgoblin closely misses you.
You hit the hobgoblin.
The hobgoblin is moderately wounded.
The orc hits you with a +0 flail.
* * * LOW HITPOINT WARNING * * *
The hobgoblin barely misses you.
You hit the hobgoblin but do no damage.
The hobgoblin is moderately wounded.
The orc hits you with a +0 flail.
* * * LOW HITPOINT WARNING * * *
The hobgoblin closely misses you.
You barely miss the hobgoblin.
The hobgoblin is moderately wounded.
The orc misses you. The hobgoblin closely misses you.
You hit the hobgoblin.
The hobgoblin is severely wounded.
The orc hits you with a +0 flail.
* * * LOW HITPOINT WARNING * * *
The hobgoblin hits you.
You die...

#..!# ### # #.....
..##.
####....####...
..............#
o....!........#
....?.....)..#
##....####.# #.
#.Bo@g..#
#.###.###### #..#..#
#...## #...# #..w#
######## ###.#
#......######.######
#.####.##..........#


You could see a bombardier beetle, an orc and a hobgoblin.

Vanquished Creatures
  2 adders (D:2)
  2 dart slugs (D:1)
  3 ribbon worms
  9 ball pythons
  4 endoplasms
  A giant cockroach (D:2)
  5 goblins
  6 hobgoblins
  6 jackals
  6 kobolds
  A quokka (D:2)
  7 bats
  A frilled lizard (D:1)
  5 rats
58 creatures vanquished.

Notes
Turn   | Place    | Note
-------+----------+-------------------------------------------
     0 | D:1      | Esekla the Demonspawn Wanderer began the quest for the Orb.
     0 | D:1      | Esekla set off with the following items: a +3 dagger, a
                  | curare-tipped dart, a +0 falchion, a potion of curing, a +0
                  | leather armour.
     0 | D:1      | Reached XP level 1. HP: 16/16 MP: 2/2
   161 | D:1      | Gained mutation: You have an unusually large brain. (Int
                  | +2) [demonic ancestry]
   161 | D:1      | Reached XP level 2. HP: 18/23 MP: 3/3
   548 | D:2      | Reached XP level 3. HP: 28/28 MP: 5/5
   911 | D:2      | Gained mutation: Spells you cast may paralyse adjacent
                  | enemies. [demonic ancestry]
   911 | D:2      | Reached XP level 4. HP: 17/34 MP: 6/6
  1366 | D:1      | Reached skill level 1 in Short Blades
  1584 | D:1      | Reached skill level 3 in Fighting
  1881 | D:3      | Slain by a hobgoblin

Illustrated notes

Levels and vault maps discovered:
D:1:      spicycebolla_arrival_ecumenical, layout_basic, hangedman_glass_garden,
          wad_floor_pattern_2, minmay_stone_trees_medium
D:2:      layout_loops_cross, skrybe_limestone_x, dreamdust_princess_bridge,
          dk_noncrumbling_4
D:3:      layout_loops_cross, grunt_decor_fettered,
          minmay_misc_feat_secret_circle

Skill      XL: |  1  2  3  4 |
---------------+-------------+-----
Throwing       | 2 |  2.1
Armour         | 2 |  2.2
Short Blades   | 1 |  1.1
Fighting       | 3 |  3.0
Long Blades    | |  1.9
Dodging        | |  0.4
Stealth        | |  0.4
Spellcasting   | |  1.8
Evocations     | |  1.0

Action                     |  1- 3 |  4- 6 || total
---------------------------+-------+-------++-------
  Melee: Dagger            |   144 |    75 ||   219
   Stab: Sleeping          |       |     1 ||     1
 Armour: Leather armour    |    94 |    46 ||   140
  Dodge: Dodged            |    58 |    28 ||    86

Table legend: (Time is in decaauts)
 A = Elapsed time spent in this place.
 B = Non-inter-level travel time spent in this place.
 C = Inter-level travel time spent in this place.
 D = Time resting spent in this place.
 E = Time spent auto-exploring this place.
 F = Levels seen in this place.
 G = Mean time per level.
                   A        B        C        D        E       F      G
               +--------+--------+--------+--------+--------+-----+--------+
         Total |   1868 |   1809 |     59 |    359 |    283 |   3 |  622.7 |
       Dungeon |   1868 |   1809 |     59 |    359 |    283 |   3 |  622.7 |
               +--------+--------+--------+--------+--------+-----+--------+

Top non-repeatable levels by time:
     D:2: 1041 daAuts
     D:1: 768 daAuts
     D:3: 58 daAuts
